 Dungeon Crawl Stone Soup version 0.29.0-4-gdea44cf6ec (webtiles) character file.

Game seed: 10135135478968459265

80 qw the Caller (level 4, 0/36 HPs)
             Began as a Ghoul Summoner on Sept 10, 2022.
             Slain by a gnoll
             ... wielding a +0 whip
              (4 damage)
             ... on level 2 of the Dungeon.
             The game lasted 00:00:58 (2582 turns).

qw the Caller (Ghoul Summoner)                      Turns: 2582, Time: 00:00:58

Health: 0/36       AC:  6    Str: 13    XL:     4   Next: 39%
Magic:  0/5        EV: 11    Int: 10    God:
Gold:   82         SH:  0    Dex:  9    Spells: 5/6 levels left

rFire   . . .      SeeInvis .   Y - +2 whip (venom)
rCold   + . .      Faith    .   (no shield)
rNeg    + + +      Spirit   .   k - +0 leather armour
rPois   inf        Reflect  .   (no helmet)
rElec   .          Harm     .   h - +2 cloak
rCorr   .          Rampage  .   (no gloves)
Will    .....                   (no boots)
Stlth   +.........              (no amulet)
HPRegen 0.00/turn               (no ring)
MPRegen 0.09/turn               (no ring)

@: very slightly contaminated, inhibited regen
A: claws 1, cold resistance 1, negative energy resistance 3, inhibited
regeneration, torment resistance 2, devour on kill
a: no special abilities


You were on level 2 of the Dungeon.
You visited 1 branch of the dungeon, and saw 2 of its levels.

You collected 82 gold pieces.


Innate Abilities, Weirdness & Mutations

You are immune to poison.
You have sharp fingernails.
Your flesh is cold resistant. (rC+)
You are immune to negative energy. (rN+++)
You do not regenerate when monsters are visible.
You are immune to unholy pain and torment.
You thrive by killing the living.


   Skills:
 - Level 2.0 Fighting
 + Level 3.0 Axes
 - Level 1.7 Dodging
 - Level 2.1 Stealth
 - Level 1.7 Spellcasting
 - Level 3.6 Summonings


You had 5 spell levels left.
You knew the following spells:

 Your Spells              Type           Power      Damage    Failure   Level
a - Summon Small Mammal   Summ           32%        N/A       10%         1

Your spell library contained the following spells:

 Spells                   Type           Power      Damage    Failure   Level
 Call Imp                 Summ           8%         N/A       14%         2
 Call Canine Familiar     Summ           8%         N/A       28%         3
 Summon Guardian Golem    Hex/Summ       4%         N/A       52%         3
 Summon Lightning Spire   Summ/Air       4%         N/A       89%         4

Inventory:

Hand Weapons
 Y - a +2 whip of venom (weapon)
Armour
 a - a +0 helmet
 c - a +0 ring mail
 h - a +2 cloak (worn)
 k - a +0 leather armour (worn)
Potions
 b - a potion of attraction {unknown}
 d - a potion of degeneration {unknown}
 j - a potion of flight {unknown}
 l - a potion of might {unknown}

Dungeon Overview and Level Annotations

Branches:
Dungeon (2/15)

Altars:


Message History

Casting: Summon Small Mammal (safe; 10% risk of failure)
Confirm with . or Enter, or press ? or * to list all spells.
Something barely misses your rat. The gnoll barely misses you.
Your rat barely misses the gnoll.
You hit the gnoll.
The gnoll is poisoned.
The gnoll is heavily wounded.
The gnoll hits you with a +0 flail. Something hits your rat.
Your rat dies!
Your rat's corpse disappears in a puff of smoke!
You hear a shout!
You hit the gnoll.
The gnoll looks as sick as possible!
The gnoll is almost dead.
You hear a shout!
The gnoll hits you with a +0 flail.
You barely miss the gnoll.
The gnoll is almost dead.
You kill the gnoll!
Your Axes skill increases to level 3!
A gnoll comes into view. It is wielding a +0 whip.
The gnoll hits you with a +0 halberd.
Things that are here:
a +0 flail; 17 gold pieces You hit the gnoll.
The gnoll is poisoned.
The gnoll is lightly wounded.
You hit the gnoll.
The gnoll looks as sick as possible!
The gnoll is lightly wounded.
The gnoll hits you with a +0 halberd!
2580 ||| CASTING Summon Small Mammal
Casting: Summon Small Mammal (safe; 10% risk of failure)
Confirm with . or Enter, or press ? or * to list all spells.
The gnoll closely misses you. The gnoll hits you with a +0 whip.
A worm comes into view.
You barely miss the gnoll.
The gnoll is moderately wounded.
The gnoll barely misses you. The gnoll hits you with a +0 whip.
Your rat bites the gnoll.
You hit the gnoll but do no damage.
The gnoll looks as sick as possible!
The gnoll is moderately wounded.
The gnoll hits you with a +0 halberd. The gnoll hits you with a +0 whip.
You die...

#.####.#.#####
#.#.....#
#.#####.# #.#
#.# #.# #.#
..# #.# ###
#.# #####.#
#g@b..#
#g##### #r ..
##. #. #. #.


You could see 2 gnolls, a friendly bat (summoned) and a friendly rat (summoned).

Vanquished Creatures
  A gnoll (D:2)
  An adder (D:2)
  A bat (D:1)
  An endoplasm (D:1)
  4 giant cockroaches (D:1)
  7 goblins (D:2)
  3 hobgoblins
  2 quokkas
  A ball python (D:2)
  A frilled lizard (D:1)
  4 kobolds
  2 rats
28 creatures vanquished.

Vanquished Creatures (collateral kills)
  Robin (D:2)
  A dart slug (D:1)
  An endoplasm (D:1)
  A giant cockroach (D:1)
  7 goblins
  A hobgoblin (D:1)
  3 ball pythons (D:1)
  A bat (D:1)
  A frilled lizard (D:1)
  2 rats (D:1)
19 creatures vanquished.

Grand Total: 47 creatures vanquished

Notes
Turn   | Place    | Note
-------+----------+-------------------------------------------
     0 | D:1      | qw the Ghoul Summoner began the quest for the Orb.
     0 | D:1      | Reached XP level 1. HP: 14/14 MP: 2/2
     0 | D:1      | 0 ||| qw: Version: 0.1-a-116-g5d60599
     0 | D:1      | 0 ||| qw: Game counter: 7519
     0 | D:1      | 0 ||| qw: Always use a shield: true
     0 | D:1      | 0 ||| qw: God list: Okawaru
     0 | D:1      | 0 ||| qw: Allow faded altars: false
     0 | D:1      | 0 ||| qw: Do Orc after D:15 true
     0 | D:1      | 0 ||| qw: Do second Lair branch before Depths: true
     0 | D:1      | 0 ||| qw: Lair rune preference: random
     0 | D:1      | 0 ||| qw: Plans: Normal
     0 | D:1      | 0 ||| PLANNING D:1-11
    17 | D:1      | 17 ||| CASTING Summon Small Mammal
    18 | D:1      | 18 ||| CASTING Summon Small Mammal
    47 | D:1      | 47 ||| CASTING Summon Small Mammal
    48 | D:1      | 48 ||| CASTING Summon Small Mammal
    60 | D:1      | 60 ||| CASTING Summon Small Mammal
   132 | D:1      | 132 ||| Stepping ~*~*~tactically~*~*~ (hiding).
   234 | D:1      | 234 ||| Stepping ~*~*~tactically~*~*~ (hiding).
   239 | D:1      | 239 ||| CASTING Summon Small Mammal
   240 | D:1      | 240 ||| CASTING Summon Small Mammal
   245 | D:1      | Reached skill level 1 in Axes
   335 | D:1      | 335 ||| CASTING Summon Small Mammal
   336 | D:1      | 336 ||| CASTING Summon Small Mammal
   430 | D:1      | 430 ||| CASTING Summon Small Mammal
   431 | D:1      | 431 ||| CASTING Summon Small Mammal
   437 | D:1      | Reached XP level 2. HP: 20/22 MP: 0/3
   442 | D:1      | 442 ||| CASTING Summon Small Mammal
   454 | D:1      | Reached skill level 1 in Fighting
   521 | D:1      | 521 ||| CASTING Summon Small Mammal
   522 | D:1      | 522 ||| CASTING Summon Small Mammal
   523 | D:1      | 523 ||| CASTING Summon Small Mammal
   533 | D:1      | 533 ||| CASTING Summon Small Mammal
   573 | D:1      | 573 ||| Wielding weapon +0 club.
   580 | D:1      | 580 ||| SWAPPING to +2 whip of venom.
   581 | D:1      | 581 ||| DROPPING +0 club.
   586 | D:1      | 586 ||| CASTING Summon Small Mammal
   587 | D:1      | 587 ||| CASTING Summon Small Mammal
   588 | D:1      | 588 ||| CASTING Summon Small Mammal
   637 | D:1      | 637 ||| CASTING Summon Small Mammal
   638 | D:1      | 638 ||| CASTING Summon Small Mammal
   639 | D:1      | 639 ||| CASTING Summon Small Mammal
   690 | D:1      | 690 ||| CASTING Summon Small Mammal
   691 | D:1      | 691 ||| CASTING Summon Small Mammal
   692 | D:1      | 692 ||| CASTING Summon Small Mammal
   728 | D:1      | 728 ||| CASTING Summon Small Mammal
   729 | D:1      | 729 ||| CASTING Summon Small Mammal
   731 | D:1      | 731 ||| CASTING Summon Small Mammal
   773 | D:1      | 773 ||| CASTING Summon Small Mammal
   774 | D:1      | 774 ||| CASTING Summon Small Mammal
   775 | D:1      | 775 ||| CASTING Summon Small Mammal
   852 | D:1      | 852 ||| CASTING Summon Small Mammal
   853 | D:1      | 853 ||| CASTING Summon Small Mammal
   854 | D:1      | 854 ||| CASTING Summon Small Mammal
   891 | D:1      | 891 ||| CASTING Summon Small Mammal
   892 | D:1      | 892 ||| CASTING Summon Small Mammal
   893 | D:1      | 893 ||| CASTING Summon Small Mammal
   942 | D:1      | Found a faded altar of an unknown god.
   959 | D:1      | 959 ||| CASTING Summon Small Mammal
   960 | D:1      | 960 ||| CASTING Summon Small Mammal
   961 | D:1      | 961 ||| CASTING Summon Small Mammal
  1080 | D:1      | 1080 ||| CASTING Summon Small Mammal
  1081 | D:1      | 1081 ||| CASTING Summon Small Mammal
  1082 | D:1      | 1082 ||| CASTING Summon Small Mammal
  1092 | D:1      | 1092 ||| CASTING Summon Small Mammal
  1093 | D:1      | Reached XP level 3. HP: 27/28 MP: 0/4
  1289 | D:1      | 1289 ||| CASTING Summon Small Mammal
  1290 | D:1      | 1290 ||| CASTING Summon Small Mammal
  1291 | D:1      | 1291 ||| CASTING Summon Small Mammal
  1292 | D:1      | 1292 ||| CASTING Summon Small Mammal
  1335 | D:1      | 1335 ||| CASTING Summon Small Mammal
  1336 | D:1      | 1336 ||| CASTING Summon Small Mammal
  1337 | D:1      | 1337 ||| CASTING Summon Small Mammal
  1338 | D:1      | 1338 ||| CASTING Summon Small Mammal
  1380 | D:1      | 1380 ||| CASTING Summon Small Mammal
  1381 | D:1      | 1381 ||| CASTING Summon Small Mammal
  1382 | D:1      | 1382 ||| CASTING Summon Small Mammal
  1383 | D:1      | 1383 ||| CASTING Summon Small Mammal
  1391 | D:1      | 1391 ||| CASTING Summon Small Mammal
  1402 | D:1      | 1402 ||| CASTING Summon Small Mammal
  1466 | D:1      | 1466 ||| CASTING Summon Small Mammal
  1470 | D:1      | 1470 ||| CASTING Summon Small Mammal
  1471 | D:1      | 1471 ||| CASTING Summon Small Mammal
  1472 | D:1      | 1472 ||| CASTING Summon Small Mammal
  1519 | D:1      | 1519 ||| CASTING Summon Small Mammal
  1520 | D:1      | 1520 ||| Stepping ~*~*~tactically~*~*~ (stealth).
  1521 | D:1      | 1521 ||| CASTING Summon Small Mammal
  1522 | D:1      | 1522 ||| CASTING Summon Small Mammal
  1523 | D:1      | 1523 ||| CASTING Summon Small Mammal
  1530 | D:1      | 1530 ||| CASTING Summon Small Mammal
  1691 | D:1      | 1691 ||| UPGRADING to +2 cloak.
  1696 | D:1      | 1696 ||| UPGRADING to +0 leather armour.
  1706 | D:1      | 1706 ||| DROPPING +0 robe.
  1707 | D:1      | 1707 ||| READING scroll labelled FIEBIUKIYD.
  1708 | D:1      | 1708 ||| READING scroll labelled BOPAVY ZEEPN.
  1709 | D:1      | 1709 ||| READING scroll labelled YDUTET GUOFRE.
  1710 | D:1      | 1710 ||| READING scroll labelled XEERARPHYRA.
  1713 | D:1      | 1713 ||| READING scroll labelled VAOK GOLATOU.
  1714 | D:1      | 1714 ||| READING scroll labelled ATUMUK KUSTUHAI.
  1715 | D:1      | 1715 ||| DROPPING potion of magic.
  1737 | D:2      | 1737 ||| CASTING Summon Small Mammal
  1738 | D:2      | 1738 ||| STAIRDANCE
  1750 | D:2      | 1750 ||| CASTING Summon Small Mammal
  1751 | D:2      | 1751 ||| STAIRDANCE
  1763 | D:2      | 1763 ||| CASTING Summon Small Mammal
  1764 | D:2      | 1764 ||| CASTING Summon Small Mammal
  1765 | D:2      | 1765 ||| CASTING Summon Small Mammal
  1766 | D:2      | 1766 ||| CASTING Summon Small Mammal
  1770 | D:2      | 1770 ||| STAIRDANCE
  1808 | D:2      | 1808 ||| CASTING Summon Small Mammal
  1809 | D:2      | 1809 ||| CASTING Summon Small Mammal
  1810 | D:2      | 1810 ||| CASTING Summon Small Mammal
  1811 | D:2      | 1811 ||| CASTING Summon Small Mammal
  1813 | D:2      | 1813 ||| STAIRDANCE
  1884 | D:2      | 1884 ||| CASTING Summon Small Mammal
  1885 | D:2      | 1885 ||| CASTING Summon Small Mammal
  1886 | D:2      | 1886 ||| CASTING Summon Small Mammal
  1887 | D:2      | 1887 ||| CASTING Summon Small Mammal
  1973 | D:2      | 1973 ||| CASTING Summon Small Mammal
  1974 | D:2      | 1974 ||| CASTING Summon Small Mammal
  1975 | D:2      | 1975 ||| CASTING Summon Small Mammal
  1976 | D:2      | 1976 ||| CASTING Summon Small Mammal
  2051 | D:2      | 2051 ||| CASTING Summon Small Mammal
  2052 | D:2      | 2052 ||| CASTING Summon Small Mammal
  2053 | D:2      | 2053 ||| CASTING Summon Small Mammal
  2054 | D:2      | 2054 ||| CASTING Summon Small Mammal
  2097 | D:2      | 2097 ||| CASTING Summon Small Mammal
  2098 | D:2      | 2098 ||| CASTING Summon Small Mammal
  2099 | D:2      | 2099 ||| CASTING Summon Small Mammal
  2100 | D:2      | 2100 ||| CASTING Summon Small Mammal
  2156 | D:2      | 2156 ||| CASTING Summon Small Mammal
  2157 | D:2      | 2157 ||| Stepping ~*~*~tactically~*~*~ (stealth).
  2160 | D:2      | 2160 ||| CASTING Summon Small Mammal
  2161 | D:2      | 2161 ||| CASTING Summon Small Mammal
  2162 | D:2      | 2162 ||| CASTING Summon Small Mammal
  2165 | D:2      | Noticed Robin
  2166 | D:2      | 2166 ||| Stepping ~*~*~tactically~*~*~ (hiding).
  2167 | D:2      | 2167 ||| CASTING Summon Small Mammal
  2173 | D:2      | Killed Robin
  2178 | D:2      | 2178 ||| CASTING Summon Small Mammal
  2185 | D:2      | Reached XP level 4. HP: 13/36 MP: 0/5
  2188 | D:2      | 2188 ||| CASTING Summon Small Mammal
  2188 | D:2      | HP: 9/36 [goblin/+0 dagger[Robin] (4)]
  2433 | D:2      | 2433 ||| CASTING Summon Small Mammal
  2434 | D:2      | 2434 ||| CASTING Summon Small Mammal
  2435 | D:2      | 2435 ||| CASTING Summon Small Mammal
  2436 | D:2      | 2436 ||| CASTING Summon Small Mammal
  2437 | D:2      | 2437 ||| CASTING Summon Small Mammal
  2501 | D:2      | 2501 ||| CASTING Summon Small Mammal
  2502 | D:2      | 2502 ||| CASTING Summon Small Mammal
  2504 | D:2      | 2504 ||| CASTING Summon Small Mammal
  2505 | D:2      | 2505 ||| CASTING Summon Small Mammal
  2506 | D:2      | 2506 ||| CASTING Summon Small Mammal
  2512 | D:2      | 2512 ||| CASTING Summon Small Mammal
  2563 | D:2      | 2563 ||| Stepping ~*~*~tactically~*~*~ (stealth).
  2568 | D:2      | 2568 ||| Stepping ~*~*~tactically~*~*~ (stealth).
  2569 | D:2      | 2569 ||| CASTING Summon Small Mammal
  2570 | D:2      | 2570 ||| CASTING Summon Small Mammal
  2571 | D:2      | 2571 ||| CASTING Summon Small Mammal
  2572 | D:2      | 2572 ||| CASTING Summon Small Mammal
  2573 | D:2      | 2573 ||| CASTING Summon Small Mammal
  2577 | D:2      | Reached skill level 3 in Axes
  2580 | D:2      | 2580 ||| CASTING Summon Small Mammal
  2581 | D:2      | HP: 7/36 [gnoll/+0 whip (4)]
  2582 | D:2      | Slain by a gnoll

Levels and vault maps discovered:
D:1:      minmay_arrival_open_corners, layout_rooms, basic_ecumenical_altar,
          dk_noncrumbling_2, st_stairs_5
D:2:      layout_loops_ring, uniq_robin

Skill      XL: |  1  2  3  4 |
---------------+-------------+-----
Axes           | 1 2 3 |  3.0
Fighting       | 1 2 |  2.0
Dodging        | |  1.7
Stealth        | |  2.1
Spellcasting   | |  1.7
Summonings     | |  3.6

Action                   |  1- 3 |  4- 6 || total
-------------------------+-------+-------++-------
Melee: Unarmed           |    43 |       ||    43
       Whip              |    44 |    19 ||    63
 Cast: Summon Small Mamm |    91 |    15 ||   106
  Use: Scroll            |     6 |       ||     6
Armor: Robe              |    12 |       ||    12
       Leather armour    |     8 |     3 ||    11
Dodge: Dodged            |    58 |    10 ||    68

Table legend:
 A = Non-vault XP
 B = Vault XP
 C = Vault XP percentage of total XP
 D = Non-vault monster count
 E = Vault monster count
 F = Vault count percentage of total count
                 A         B        C        D         E       F
            +---------+---------+-------+---------+---------+-------
      Total |      80 |      35 |  30.4 |      34 |      13 |  27.7
            +---------+---------+-------+---------+---------+-------
        D:1 |      43 |       4 |   8.5 |      26 |       2 |   7.1
        D:2 |      37 |      31 |  45.6 |       8 |      11 |  57.9
            +---------+---------+-------+---------+---------+-------
